 Dungeon Crawl Stone Soup version 0.20-a0-222-gb69ddcd (webtiles) character file.

119 Lochraine the Chiller (level 5, -4/38 HPs)
             Began as a Human Wanderer on Nov 29, 2016.
             Slain by an orc
             ... wielding a +0 trident
              (7 damage)
             ... on level 3 of the Dungeon.
             The game lasted 00:07:00 (4476 turns).

Lochraine the Chiller (Human Wanderer)              Turns: 4476, Time: 00:07:02

Health: -4/38      AC:  3    Str: 15    XL:     5   Next: 23%
Magic:  4/9        EV: 10    Int: 12    God:
Gold:   193        SH:  0    Dex: 11    Spells: 7/10 levels left

rFire  . . .     SeeInvis .     u - +0 flail (curse)
rCold  . . .     Gourm    .     v - +0 leather armour
rNeg   . . .     Faith    .     (no shield)
rPois  .         Spirit   .     (no helmet)
rElec  .         Reflect  .     (no cloak)
rCorr  .         Harm     .     (no gloves)
MR     .....                    (no boots)
Stlth  +.........               (no amulet)
                                (no ring)
                                (no ring)

@: no status effects
A: no striking features
a: no special abilities


You were on level 3 of the Dungeon.
You were hungry.

You visited 1 branch of the dungeon, and saw 4 of its levels.

You collected 193 gold pieces.

Inventory:

Hand Weapons
 e - a +0 club
 r - a +0 mace
 u - a cursed +0 flail (weapon)
Armour
 d - a +0 robe
 v - a +0 leather armour (worn)
 x - a +1 chain mail of cold resistance
Jewellery
 q - an uncursed ring of poison resistance {unknown}
Scrolls
 c - 6 scrolls of teleportation
 k - a scroll of blinking {unknown}
 o - a scroll of recharging {unknown}
 p - a scroll of magic mapping {unknown}
 s - a scroll of remove curse {unknown}
 y - a scroll of identify {unknown}
Potions
 g - a potion of cure mutation {unknown}
 l - 2 potions of resistance {unknown}
 m - 4 potions of flight {unknown}
 n - a potion of heal wounds {unknown}
 t - a potion of ambrosia {unknown}
 w - a potion of brilliance {unknown}
 z - a potion of lignification {unknown}
 A - a potion of beneficial mutation {unknown}
Books
 a - a book of Frost

   Spells                             Type                      Level
   a - Freeze                         Ice                          1
   b - Throw Frost                    Conjuration/Ice              2
   c - Ozocubu's Armour               Charms/Ice                   3
   d - Throw Icicle                   Conjuration/Ice              4
   e - Summon Ice Beast               Ice/Summoning                4
 b - the Compendium of the Escort

   Spells                             Type                      Level
   a - Summon Butterflies             Summoning                    1
   b - Call Canine Familiar           Summoning                    3
Comestibles
 f - 4 bread rations
 h - 2 meat rations


   Skills:
 - Level 2.0 Fighting
   Level 1.0 Bows
 - Level 1.0 Throwing
 + Level 3.0 Spellcasting
 * Level 1.7 Conjurations
   Level 1.0 Necromancy
 + Level 3.9 Ice Magic
   Level 1.0 Evocations


You had 7 spell levels left.
You knew the following spells:

 Your Spells              Type           Power        Failure   Level  Hunger
a - Freeze                Ice            ##..         8%          1    #......
b - Throw Frost           Conj/Ice       #.....       14%         2    ###....


Dungeon Overview and Level Annotations

Branches:
Dungeon (4/15)
 Temple: D:4-7

Altars:

Annotations:
D:2 1 runed door
D:4 Grinder


Message History

Items here: )) [[ †† You barely miss the orc.
The orc hits you with a trident.
An orc comes into view. It is wielding a whip.
You hit the orc.
The orc is severely wounded.
You barely miss the orc.
The orc is severely wounded.
The orc closely misses you. The orc hits you with a flail!
* * * LOW HITPOINT WARNING * * *
The orc hits you with a trident.
* * * LOW HITPOINT WARNING * * *
Casting: Freeze
Confirm with . or Enter, or press ? or * to list all spells.
Aiming: Freeze
Press: ? - help, Shift-Dir - straight line, f - orc
Aim: an orc, wielding a flail You freeze the orc.
The orc is moderately wounded.
The orc barely misses you. The orc hits you with a trident!
You die...

###.....#.##....###.####
#.....#.##........###.
#####.#.##...##....##.
#.#.#...###....##.
#.#.#............)
#>................
#.#.##.####.......
#.#.....# ##..####
#@##########....#.
#ooo..............
####.........##.#.
#.##########<#.
#.############.
#..............
############### #......#
#......#


You could see 3 orcs.

Vanquished Creatures
  Terence (D:2)
  3 adders
  2 oozes (D:1)
  2 dart slugs
  2 leopard geckos
  3 orcs (D:3)
  2 giant cockroaches
  7 goblins
  10 hobgoblins
  2 jackals (D:3)
  4 kobolds
  3 ball pythons
  A ball python skeleton (D:1)
  4 bats
  4 rats
50 creatures vanquished.

Notes
Turn   | Place    | Note
-------+----------+-------------------------------------------
     0 | D:1      | Lochraine the Human Wanderer began the quest for the Orb.
     0 | D:1      | Lochraine set off with: a book of Frost, the Compendium of the Escort, a scroll of teleportation, a +0 robe, a +0 club, a bread ration
     0 | D:1      | Reached XP level 1. HP: 16/16 MP: 2/2
     0 | D:1      | Identified the Compendium of the Escort
     2 | D:1      | Learned a level 1 spell: Freeze
   318 | D:1      | Reached XP level 2. HP: 6/22 MP: 0/4
   772 | D:1      | Learned a level 2 spell: Throw Frost
  1535 | D:2      | Reached XP level 3. HP: 27/27 MP: 6/6
  2629 | D:2      | Found a runed door.
  2705 | D:2      | Noticed Terence
  2772 | D:2      | Killed Terence
  2772 | D:2      | Reached skill level 1 in Conjurations
  2772 | D:2      | Reached XP level 4. HP: 25/33 MP: 0/8
  3449 | D:3      | Reached XP level 5. HP: 33/38 MP: 6/9
  4046 | D:4      | Noticed Grinder
  4373 | D:4      | Noticed a phantom
  4476 | D:3      | Slain by an orc

Vault maps used:
D:1:      minmay_arrival_widening_spiral_wide
D:2:      bh_walls_and_bars, uniq_terence, uniq_crazy_yiuf_cottage
D:3:      lemuel_upstairs_altar
D:4:      uniq_grinder, uniq_duvessa

Skill      XL: |  1  2  3  4  5 |
---------------+----------------+-----
Spellcasting   | 2 3 |  3.0
Conjurations   | 1 |  1.7
Fighting       | |  2.0
Bows           | |  1.0
Throwing       | |  1.0
Necromancy     | |  1.0
Ice Magic      | |  3.9
Evocations     | |  1.0

Action                   |  1- 3 |  4- 6 || total
-------------------------+-------+-------++-------
Melee: Club              |    86 |       ||    86
       Mace              |       |    29 ||    29
       Flail             |       |    52 ||    52
Throw: Tomahawk          |     5 |     3 ||     8
 Cast: Freeze            |    40 |    25 ||    65
 Stab: Sleeping          |     2 |       ||     2
  Eat: Chunk             |     6 |     6 ||    12
Armor: Robe              |    22 |    15 ||    37
       Leather armour    |       |    17 ||    17
Dodge: Dodged            |    86 |    68 ||   154
